 Dungeon Crawl Stone Soup version 0.31-a0-1183-gd88bbb8b4d (webtiles) character file.

Game seed: 4617812096315285315

1430 qw the Skirmisher (level 8, -17/51 HPs)
             Began as a Gargoyle Hunter on Dec 11, 2023.
             Was an Initiate of Okawaru.
             Demolished by an ogre
             ... wielding a +0 giant club
              (31 damage)
             ... on level 6 of the Dungeon.
             The game lasted 00:01:46 (4150 turns).

qw the Skirmisher (Gargoyle Hunter)                 Turns: 4150, Time: 00:01:47

Health: -17/51     AC: 13    Str: 15    XL:     8   Next: 73%
Magic:  8/8        EV: 12    Int: 10    God:    Okawaru [......]
Gold:   285        SH:  0    Dex: 15    Spells: 7/7 levels left

rFire   . . .        a - +1 shortbow (freeze)
rCold   . . .        (shield currently unavailable)
rNeg    + . .        f - +0 leather armour {Will+}
rPois   inf          e - +0 helmet
rElec   +            (no cloak)
rCorr   .            l - +1 pair of gloves
SInv    .            n - +0 pair of boots
Will    +....        (no amulet)
Stlth   ++           (no ring)
HPRegen 0.28/turn    (no ring)
MPRegen 0.11/turn

%: no passive effects
@: no status effects
A: sickness immunity, AC +5, negative energy resistance 1, electricity
resistance, torment resistance 1, petrification resistance
a: Renounce Religion


You were on level 6 of the Dungeon.
You worshipped Okawaru.
Okawaru was noncommittal.
You visited 2 branches of the dungeon, and saw 7 of its levels.

You collected 285 gold pieces.


Innate Abilities, Weirdness & Mutations

You are immune to sickness and miasma.
Your stone body is resilient. (AC +5)
You are immune to poison.
You resist negative energy. (rN+)
You are resistant to electric shocks. (rElec)
You are resistant to unholy torment.
You are immune to petrification.


   Skills:
 - Level 6.1 Fighting
 + Level 9.3 Ranged Weapons
 - Level 2.9 Armour
 - Level 2.2 Dodging
 - Level 1.1 Stealth


You had 7 spell levels left.
You didn't know any spells.
Your spell library was empty.

Inventory:

Hand Weapons
 a - a +1 shortbow of freezing (weapon)
Armour
 c - a +0 ring mail
 e - a +0 helmet (worn)
 f - a +0 leather armour of willpower (worn)
 l - a +1 pair of gloves (worn)
 n - a +0 pair of boots (worn)
Wands
 j - a wand of polymorph (12)
Scrolls
 p - a scroll of teleportation
Potions
 g - 4 potions of curing
 i - a potion of might
 k - 2 potions of mutation

Dungeon Overview and Level Annotations

Branches:
Dungeon (6/15)             Temple (1/1) D:6

Altars:
Cheibriados
Dithmenos
Elyvilon
Fedhas
Kikubaaqudgha
Makhleb
Nemelex Xobeh
Okawaru
Qazlal
Sif Muna
Trog
Uskayaw
Wu Jian
Xom
Zin

Annotations:
D:2 1 runed translucent door, Crazy Yiuf


Message History

You shoot an arrow. The arrow hits the ogre!
The arrow freezes the ogre.
The ogre is severely wounded.
The centaur shoots an arrow.
The arrow hits you.
The centaur shoots an arrow.
The arrow completely misses you.
You shoot an arrow. The arrow hits the ogre.
The arrow freezes the ogre.
The ogre is almost dead.
The centaur shoots an arrow.
The arrow hits you.
You shoot an arrow. The arrow hits the ogre.
The arrow freezes the ogre.
You kill the ogre!
Okawaru accepts your kill.
The centaur shoots an arrow.
The arrow hits you.
The centaur shoots an arrow.
The arrow hits you but does no damage.
Your Fighting skill increases to level 6!
You shoot an arrow. The arrow hits the centaur.
The arrow freezes the centaur.
The centaur is moderately wounded.
The centaur shoots an arrow.
The arrow misses you.
A sleepcap comes into view.
You shoot an arrow. The arrow hits the ogre!
The arrow freezes the ogre.
The ogre is moderately wounded.
The centaur shoots an arrow.
The arrow hits you!
You shoot an arrow.
The arrow hits the ogre but does no damage.
The ogre is moderately wounded.
You shoot an arrow. The arrow hits the ogre.
The arrow freezes the ogre.
The ogre is heavily wounded.
You shoot an arrow.
The arrow hits the ogre but does no damage.
The ogre is heavily wounded.
The ogre hits you with a +0 giant club!!
You shoot an arrow. The arrow hits the ogre.
The arrow freezes the ogre.
The ogre is severely wounded.
You shoot an arrow. The arrow barely misses the ogre.
The arrow hits the centaur.
The arrow freezes the centaur.
The centaur is heavily wounded.
The ogre closely misses you.
You shoot an arrow. The arrow hits the ogre.
The arrow freezes the ogre.
The ogre is almost dead.
The ogre hits you with a +0 giant club!!
Ouch! That really hurt!
You die...

#.......... #.?........
###.......... .
##........^.. ..
#.......... ... #
#..8..#..# .... ##.
#.....##..## .....
#..##[.#.#..##..##f.....
#.##..##.##..##.@Oc)....
#....##...##.....#......
#..8....>%...8...# .....
#%...##...##.....# .>..
..##..##.##..##..# ##.
...##..#.#..##..##
##..##.....# ..#
#..#..8.. ..(.
####........ ....


You could see an ogre, a sleepcap and a centaur.

Vanquished Creatures
  Eustachio (D:5)
  2 water moccasins
  A sky beast (D:6)
  An ogre (D:6)
  A phantom (D:4)
  Blork the orc (D:5)
  A bullfrog (D:4)
  4 wights (D:5)
  A hound (D:5)
  A jelly (D:5)
  2 orc priests (D:4)
  3 sleepcaps
  2 iguanas
  An orc wizard (D:4)
  3 gnolls (D:4)
  7 adders
  4 ufetubi (D:6)
  4 worms
  4 dart slugs
  9 orcs
  3 endoplasms
  4 giant cockroaches
  4 goblins
  6 hobgoblins
  7 jackals
  8 kobolds
  4 quokkas (D:2)
  4 ball pythons
  3 bats
  8 rats
104 creatures vanquished.

Notes
Turn   | Place    | Note
-------+----------+-------------------------------------------
     0 | D:1      | qw the Gargoyle Hunter began the quest for the Orb.
     0 | D:1      | Reached XP level 1. HP: 12/12 MP: 1/1
     0 | D:1      | 0 ||| qw: Version: 0.3-a-106-g2cfff9e
     0 | D:1      | 0 ||| qw: Game counter: 2087
     0 | D:1      | 0 ||| qw: Melee chars always use a shield: true
     0 | D:1      | 0 ||| qw: God list: Okawaru
     0 | D:1      | 0 ||| qw: Allow faded altars: false
     0 | D:1      | 0 ||| qw: Do Orc after clearing Dungeon:15 true
     0 | D:1      | 0 ||| qw: Do second Lair branch before Depths: true
     0 | D:1      | 0 ||| qw: Lair rune preference: random
     0 | D:1      | 0 ||| qw: Goals: Normal, Save, Zot:1-4, Win
     0 | D:1      | 0 ||| PLANNING D:1-11
   280 | D:1      | Reached XP level 2. HP: 17/17 MP: 2/2
   717 | D:1      | 717 ||| UPGRADING to +0 leather armour of willpower.
   727 | D:1      | 727 ||| DROPPING +0 leather armour.
   728 | D:1      | 728 ||| READING scroll labelled JIYFURCH LIKU.
   728 | D:1      | 728 ||| BRANDING +0 shortbow.
   729 | D:1      | 729 ||| READING scroll labelled XAEJUD FOVUWEI.
   730 | D:1      | 730 ||| READING 2 scrolls labelled SIXENI BOXAC.
   730 | D:1      | 730 ||| IDENTIFYING golden potion
   731 | D:1      | 731 ||| DROPPING scroll of butterflies.
   744 | D:2      | Found a bloodstained altar of Trog.
   746 | D:2      | 746 ||| STAIRDANCE
   758 | D:2      | 758 ||| STAIRDANCE
   782 | D:2      | Reached skill level 5 in Ranged Weapons
   782 | D:2      | Reached XP level 3. HP: 20/21 MP: 3/3
  1038 | D:2      | Reached skill level 3 in Fighting
  1047 | D:2      | Reached XP level 4. HP: 28/28 MP: 4/4
  1175 | D:2      | Identified the +8 hammer "Esusmap" {freeze, ^Contam rC-
                  | rCorr MP+9}
  1180 | D:2      | Found a runed translucent door.
  1181 | D:2      | Noticed Crazy Yiuf
  1230 | D:2      | 1230 ||| READING 2 scrolls of identify.
  1230 | D:2      | 1230 ||| IDENTIFYING scroll labelled VAINICS IRINN
  1231 | D:2      | 1231 ||| READING scroll of identify.
  1231 | D:2      | 1231 ||| IDENTIFYING scroll labelled MIOKHAUXTA
  1232 | D:2      | 1232 ||| DROPPING scroll of vulnerability.
  1700 | D:3      | 1700 ||| UPGRADING to +0 helmet.
  1705 | D:3      | 1705 ||| UPGRADING to +0 pair of gloves.
  1710 | D:3      | 1710 ||| UPGRADING to +0 pair of boots.
  1715 | D:3      | 1715 ||| READING scroll of enchant armour.
  1715 | D:3      | 1715 ||| ENCHANTING +0 pair of gloves.
  1716 | D:3      | 1716 ||| READING scroll of identify.
  1716 | D:3      | 1716 ||| IDENTIFYING grey potion
  1717 | D:3      | 1717 ||| READING scroll labelled WIDURH AXARGHA.
  1735 | D:3      | 1735 ||| READING scroll labelled IVIKONL KOATH.
  1736 | D:3      | 1736 ||| READING scroll labelled WAPSUME QAUSS.
  1737 | D:3      | 1737 ||| READING scroll labelled VAHARCHA HENKI.
  1771 | D:4      | 1771 ||| RETREEAATING.
  1773 | D:4      | Reached XP level 5. HP: 32/32 MP: 5/5
  1778 | D:4      | Reached skill level 1 in Armour
  1787 | D:4      | Reached skill level 6 in Ranged Weapons
  1929 | D:4      | 1929 ||| Stepping ~*~*~tactically~*~*~ (retreating).
  1931 | D:4      | 1931 ||| Stepping ~*~*~tactically~*~*~ (retreating).
  1934 | D:4      | 1934 ||| Stepping ~*~*~tactically~*~*~ (retreating).
  1950 | D:4      | Reached XP level 6. HP: 19/38 MP: 6/6
  2104 | D:4      | HP: 9/38 [orc/+0 war axe (5)]
  2105 | D:4      | 2105 ||| DRINKING white potion.
  2488 | D:4      | Noticed a water moccasin
  2502 | D:4      | Killed a water moccasin
  2503 | D:4      | Reached skill level 7 in Ranged Weapons
  2503 | D:4      | Reached XP level 7. HP: 34/43 MP: 7/7
  2795 | D:4      | 2795 ||| READING 2 scrolls of identify.
  2795 | D:4      | 2795 ||| IDENTIFYING clear potion
  2796 | D:4      | 2796 ||| READING scroll of identify.
  2796 | D:4      | 2796 ||| IDENTIFYING inky potion
  2797 | D:4      | 2797 ||| READING scroll labelled GAMNIRUHIH.
  2798 | D:4      | 2798 ||| DROPPING potion of lignification.
  2845 | D:5      | Entered Level 5 of the Dungeon
  2939 | D:5      | Reached skill level 8 in Ranged Weapons
  3100 | D:5      | Noticed Eustachio
  3115 | D:5      | Killed Eustachio
  3116 | D:5      | Reached XP level 8. HP: 50/50 MP: 8/8
  3447 | D:5      | Noticed Blork the orc
  3455 | D:5      | Killed Blork the orc
  3883 | D:5      | Found a shimmering blue altar of Sif Muna.
  3883 | D:5      | Found a shadowy altar of Dithmenos.
  3883 | D:5      | Found a burning altar of Makhleb.
  3883 | D:5      | Found a snail-covered altar of Cheibriados.
  3889 | D:5      | Found a shimmering altar of Xom.
  3894 | D:5      | Found an ornate altar of the Wu Jian Council.
  3899 | D:5      | 3899 ||| READING scroll of identify.
  3899 | D:5      | 3899 ||| IDENTIFYING puce potion
  3900 | D:5      | 3900 ||| READING scroll labelled MEITUU RIMM.
  3901 | D:5      | 3901 ||| READING scroll labelled LEGGOE QUIMUM.
  3901 | D:5      | 3901 ||| ENCHANTING +0 shortbow of freezing.
  3902 | D:5      | 3902 ||| DRINKING 2 bubbling blue potions.
  3903 | D:5      | 3903 ||| DROPPING potion of magic.
  3904 | D:5      | 3904 ||| DROPPING potion of brilliance.
  4044 | D:6      | Reached skill level 9 in Ranged Weapons
  4079 | D:6      | Found a staircase to the Ecumenical Temple.
  4080 | D:6      | 4080 ||| PLANNING TEMPLE
  4089 | Temple   | Entered the Ecumenical Temple
  4090 | Temple   | 4090 ||| PLANNING OKAWARU WORSHIP
  4095 | Temple   | Became a worshipper of Warmaster Okawaru
  4096 | Temple   | 4096 ||| PLANNING D:1-11
  4143 | D:6      | Reached skill level 6 in Fighting
  4150 | D:6      | Demolished by an ogre

Levels and vault maps discovered:
D:1:      wander_arrival_estate, layout_basic
D:2:      layout_rooms, basic_altar, uniq_crazy_yiuf_cottage
D:3:      layout_basic
D:4:      layout_cave_pods
D:5:      layout_loops_corners, minmay_overflow_temple_hex, uniq_eustachio,
          uniq_blork_the_orc
D:6:      layout_rooms, mainiacjoe_overflow_alcove_2, minmay_temple_entry_waves,
          nrook_pool_corridor, sigmund_army
Temple:   hellmonk_temple_rainy

Skill      XL: |  1  2  3  4  5  6  7  8 |
---------------+-------------------------+-----
Ranged Weapons | 5 6 7 8 9 |  9.3
Fighting       | 3 4 5 6 |  6.1
Armour         | 1 2 |  2.9
Dodging        | 2 |  2.2
Stealth        | |  1.1

Action                     |  1- 3 |  4- 6 |  7- 9 || total
---------------------------+-------+-------+-------++-------
   Fire: Shortbow          |   114 |   152 |   152 ||   418
    Use: Scroll            |     3 |     8 |     6 ||    17
         Potion            |       |     1 |     1 ||     2
 Armour: Leather armour    |    40 |    48 |    64 ||   152
  Dodge: Dodged            |    42 |    36 |    51 ||   129

Table legend:
 A = Non-vault XP
 B = Vault XP
 C = Vault XP percentage of total XP
 D = Non-vault monster count
 E = Vault monster count
 F = Vault count percentage of total count
                 A         B        C        D         E       F
            +---------+---------+-------+---------+---------+-------
      Total |    1747 |     297 |  14.5 |     102 |       2 |   1.9
            +---------+---------+-------+---------+---------+-------
        D:1 |      32 |       0 |   0.0 |      20 |       0 |   0.0
        D:2 |      78 |       0 |   0.0 |      19 |       0 |   0.0
        D:3 |      42 |       0 |   0.0 |      16 |       0 |   0.0
        D:4 |     635 |       0 |   0.0 |      26 |       0 |   0.0
        D:5 |     518 |     297 |  36.4 |      13 |       2 |  13.3
        D:6 |     442 |       0 |   0.0 |       8 |       0 |   0.0
            +---------+---------+-------+---------+---------+-------
